 Dungeon Crawl Stone Soup version 0.29.1-1-gd02db6906a (webtiles) character file.

Game seed: 5438845319163777210

399452 EvilAshe the Ruinous (level 23, -7/153 HPs)
             Began as a Tengu Conjurer on Sept 22, 2022.
             Was the Champion of Vehumet.
             Mangled by an orc knight
             ... wielding a +0 battleaxe
              (14 damage)
             ... while paralysed by a sphinx
             ... on level 5 of the Vaults on Sept 23, 2022.
             The game lasted 04:59:55 (80065 turns).

EvilAshe the Ruinous (Tengu Conjurer)              Turns: 80065, Time: 04:59:56

Health: -7/153     AC: 16    Str:  8    XL:     23   Next: 27%
Magic:  42/42      EV:  2    Int: 26    God:    Vehumet [******]
Gold:   2287       SH:  0    Dex: 18    Spells: 2/51 levels left

rFire   + . .      SeeInvis .   n - +8 trident of Discord {drain, Fly Dex+3}
rCold   + . .      Faith    .   Y - +5 kite shield {AC+3}
rNeg    + . .      Spirit   .   y - +3 leather armour {rF+}
rPois   +          Reflect  .   m - +1 hat "Poirhana" {Stlth+}
rElec   .          Harm     .   B - +2 ratskin cloak {*Rats rPois rN+ Str-1 Int-1 Dex+1}
rCorr   .          Rampage  .   C - +2 pair of gloves {hurl}
Will    +....                   (boots unavailable)
Stlth   +++.......              i - amulet of regeneration
HPRegen 1.15/turn               o - ring of protection from cold
MPRegen 0.28/turn               Q - ring of wizardry

@: paralysed, about to teleport, flying quickly and evasively, quick
A: beak, talons 3, nimble flight
}: 2/15 runes: serpentine, barnacled
a: Renounce Religion


You were on level 5 of the Vaults.
You worshipped Vehumet.
Vehumet was exalted by your worship.
You visited 8 branches of the dungeon, and saw 40 of its levels.

You collected 5584 gold pieces.
You spent 3297 gold pieces at shops.

Inventory:

Hand Weapons
 n - the +8 trident of Discord (weapon) {drain, Fly Dex+3}
   (You bought it in a shop on level 1 of the Depths)

   A truly terrible weapon, it drains the life of any living foe it strikes.
   Dex:       It affects your dexterity (+3).
   Fly:       It grants you flight.
 E - a +8 trident of venom
 Z - a +0 demon trident of protection
Missiles
 f - 56 poisoned darts (quivered)
 L - 5 curare-tipped darts
 T - 7 throwing nets
Armour
 m - the +1 hat "Poirhana" (worn) {Stlth+}
   (You acquired it on level 10 of the Dungeon)

   Stlth:     It makes you more stealthy.
 y - a +3 leather armour of fire resistance (worn)
 B - the +2 ratskin cloak (worn) {*Rats rPois rN+ Str-1 Int-1 Dex+1}
   (You found it on level 6 of the Dungeon)

   When the wearer is hurt, rats may emerge from it to assist them.
   Str:       It affects your strength (-1).
   Int:       It affects your intelligence (-1).
   Dex:       It affects your dexterity (+1).
   rPois:     It protects you from poison.
   rN:        It protects you from negative energy.
 C - a +2 pair of gloves of hurling (worn)
 I - a +2 robe of the Archmagi
 Y - a +5 kite shield of protection (worn)
Jewellery
 e - a ring of willpower
 i - an amulet of regeneration (around neck)
 k - a ring of poison resistance
 l - a ring of wizardry
 o - a ring of protection from cold (left hand)
 r - a ring of see invisible
 x - a ring of resist corrosion
 O - a ring of protection from fire
 Q - a ring of wizardry (right hand)
 S - a ring of protection from cold
Wands
 a - a wand of polymorph (20)
 j - a wand of digging (7)
 D - a wand of roots (38)
 F - a wand of quicksilver (26)
 K - a wand of flame (34)
 M - a wand of mindburst (13)
 R - a wand of paralysis (14)
Scrolls
 p - 9 scrolls of magic mapping
 q - 5 scrolls of butterflies
 s - 6 scrolls of poison
 w - 2 scrolls of summoning
 z - 4 scrolls of teleportation
 J - 4 scrolls of amnesia
 N - 2 scrolls of enchant armour
 P - 5 scrolls of blinking
Potions
 b - 4 potions of magic
 c - 9 potions of haste
 d - 2 potions of cancellation
 g - 16 potions of curing
 t - 12 potions of ambrosia
 u - 5 potions of berserk rage
 v - 7 potions of heal wounds
 G - 3 potions of might
 H - 4 potions of mutation
 U - a potion of lignification
 W - 3 potions of resistance


   Skills:
 - Level 18.5 Fighting
 - Level 14.0 Polearms
 + Level 2.7 Armour
 + Level 19.6 Dodging
 - Level 2.0 Stealth
 - Level 13.7 Shields
 + Level 14.8 Spellcasting
 - Level 24.0 Conjurations
 - Level 3.6 Hexes
 - Level 18.0 Fire Magic
 - Level 2.3 Ice Magic
 - Level 7.8 Air Magic


You had 2 spell levels left.
You knew the following spells:

 Your Spells              Type           Power      Damage    Failure   Level
a - Magic Dart            Conj           100%       1d8       0%          1
b - Iron Shot             Conj/Erth      34%        9d7       1%          6
c - Freezing Cloud        Conj/Ice/Air   34%        6-21      1%          5
d - Fulminant Prism       Conj/Hex       37%        3d18      1%          4
e - Iskenderun's Mystic   Conj/Tloc      69%        2d14      1%          4
f - Conjure Flame         Conj/Fire      91%        6-21      0%          3
g - Starburst             Conj/Fire      45%        6d13      1%          6
i - Ignition              Fire           42%        3d12      3%          8
l - Blink                 Tloc           38%        N/A       4%          2
o - Orb of Destruction    Conj           48%        9d13      1%          7
s - Swiftness             Air            56%        N/A       1%          3

Your spell library contained the following spells:

 Spells                   Type           Power      Damage    Failure   Level
 Fire Storm               Conj/Fire      45%        8d12      14%         9
 Polar Vortex             Ice            15%        N/A       100%        9
 Shatter                  Erth           9%         3d11*     100%        9
 Scorch                   Fire           100%       2d10      0%          2
 Searing Ray              Conj           100%       2d8       0%          2
 Static Discharge         Conj/Air       80%        3-13/arc  0%          2
 Sandblast                Erth           38%        2d10      1%          1
 Slow                     Hex            100%       N/A       1%          1
 Ensorcelled Hibernation  Hex/Ice        68%        N/A       1%          2
 Poisonous Vapours        Pois/Air       78%        N/A       1%          2
 Apportation              Tloc           38%        N/A       3%          1
 Necrotise                Necr           76%        1d7       3%          1
 Summon Small Mammal      Summ           76%        N/A       3%          1
 Call Imp                 Summ           19%        N/A       4%          2
 Passwall                 Tmut/Erth      15%        N/A       4%          2
 Sublimation of Blood     Necr           19%        N/A       4%          2
 Flame Wave               Conj/Fire      91%        2d19      0%          4
 Confusing Touch          Hex            38%        N/A       1%          3
 Dazzling Flash           Conj/Hex       100%       N/A       1%          3
 Frozen Ramparts          Ice            62%        1d10      1%          3
 Inner Flame              Hex/Fire       66%        N/A       1%          3
 Mephitic Cloud           Conj/Pois/Air  65%        N/A       1%          3
 Stone Arrow              Conj/Erth      100%       3d13      1%          3
 Tukima's Dance           Hex            38%        N/A       1%          3
 Irradiate                Conj/Tmut      34%        3d23      1%          5
 Lightning Bolt           Conj/Air       40%        1d59      1%          5
 Conjure Ball Lightning   Conj/Air       40%        3x3d13    1%          6
 Portal Projectile        Hex/Tloc       56%        N/A       4%          3
 Summon Guardian Golem    Hex/Summ       28%        N/A       4%          3
 Spellforged Servitor     Conj/Summ      34%        N/A       5%          7
 Cause Fear               Hex            19%        N/A       7%          4
 Call Canine Familiar     Summ           19%        N/A       9%          3
 Gell's Gravitas          Tloc           19%        N/A       9%          3
 Teleport Other           Tloc           19%        N/A       9%          3
 Vampiric Draining        Necr           19%        2d7       9%          3
 Corpse Rot               Necr/Pois/Air  32%        N/A       11%         4
 Yara's Violent Unravell  Hex/Tmut       14%        3d7       11%         5
 Leda's Liquefaction      Hex/Erth       14%        N/A       14%         4
 Ice Form                 Ice/Tmut       25%        N/A       17%         4
 Summon Ice Beast         Ice/Summ       25%        N/A       17%         4
 Animate Armour           Summ/Erth      38%        N/A       28%         4
 Passage of Golubria      Tloc           19%        N/A       28%         4
 Petrify                  Tmut/Erth      19%        N/A       28%         4
 Lehudib's Crystal Spear  Conj/Erth      34%        10d9      32%         8
 Agony                    Necr           19%        N/A       58%         5
 Alistair's Intoxication  Tmut/Pois      12%        N/A       58%         5
 Blade Hands              Tmut           9%         N/A       58%         5
 Borgnjor's Vile Clutch   Necr/Erth      9%         N/A       58%         5
 Manifold Assault         Tloc           19%        N/A       58%         5
 Summon Forest            Summ/Tloc      9%         N/A       58%         5
 Eringya's Noxious Bog    Tmut/Pois      9%         N/A       67%         6
 Maxwell's Capacitive Co  Air            28%        ∞         82%         8
 Dispersal                Tloc           9%         N/A       98%         6
 Statue Form              Tmut/Erth      12%        N/A       98%         6
 Summon Cactus Giant      Summ           9%         N/A       98%         6
 Storm Form               Tmut/Air       19%        N/A       99%         7
 Dragon Form              Tmut           9%         N/A       100%        7
 Malign Gateway           Summ/Tloc      9%         N/A       100%        7
 Summon Hydra             Summ           9%         N/A       100%        7
 Discord                  Hex            19%        N/A       100%        8
 Disjunction              Tloc           9%         N/A       100%        8


Dungeon Overview and Level Annotations

Branches:
Dungeon (15/15)            Temple (1/1) D:6            Lair (5/5) D:8
 Shoals (4/4) Lair:2        Snake (4/4) Lair:3        Slime (0/5) Lair:4
    Orc (2/2) D:9             Elf (0/3) Orc:2        Vaults (4/5) D:13
  Crypt (0/3) Vaults:3     Depths (4/4) D:15            Zot (0/5) Depths:4

Altars:
Ashenzari
Cheibriados
Dithmenos
Elyvilon
Fedhas
Gozag
Hepliaklqana
Kikubaaqudgha
Makhleb
Nemelex Xobeh
Okawaru
Qazlal
Ru
Sif Muna
Trog
Uskayaw
Vehumet
Wu Jian
Xom
Yredelemnul
Zin
The Shining One
Jiyva

Shops:
D:7 =   D:12 :   Orc:2 ?**?   Shoals:4 [   Vaults:1 !   Vaults:2 !
Vaults:3 [?(   Vaults:4 (   Depths:1 (   Depths:4 [

Portals:
Hell: Depths:1 Depths:2 Depths:3 Depths:4
Abyss: Depths:1 Depths:3
Pandemonium: Depths:2
Ziggurat: Depths:3
Bazaar: Depths:3
Trove: Vaults:3 (give 18 potions of curing)

Annotations:
Temple 2 transporters
Depths:1 1 runed translucent door


Innate Abilities, Weirdness & Mutations

You have a beak for a mouth.
You have claws for feet.
Your magical nature lets you fly swiftly and evasively.


Message History

Vehumet accepts your kill.
You hear a shout!
A war gargoyle comes into view.
It is wielding a +1 morningstar of draining.
The sphinx mumbles some strange words.
You suddenly lose the ability to move!
An orc comes into view. It is wielding a +0 dagger.
A vault guard comes into view. It is wielding a +0 great sword.
The vault warden hits you but does no damage.
A yaktaur captain comes into view.
The vault guard hits you with a +0 long sword!
The orc knight roars a battlecry!
A golden dragon comes into view.
The vault guard shouts!
The war gargoyle launches metal splinters at you.
The spray of metal splinters hits you but does no damage.
The storm dragon bites you! The storm dragon claws you.
The storm dragon tramples you but does no damage.
The sphinx hits you! The sphinx completely misses you. The sphinx hits you.
The tengu reaver gestures at you while chanting.
The bolt of poison hits you. You resist.
A phantasmal warrior comes into view.
The vault warden hits you with a +2 dire flail of venom!!
A titan comes into view.
The vault warden hits you with a +0 broad axe!!
* * * LOW HITPOINT WARNING * * *
The vault guard hits you but does no damage.
The storm dragon bites you!
* * * LOW HITPOINT WARNING * * *
The storm dragon claws you!
* * * LOW HITPOINT WARNING * * *
The storm dragon tramples you.
* * * LOW HITPOINT WARNING * * *
You hold your ground!
A cyan very ugly thing comes into view.
A tengu reaver comes into view.
It is wielding a +1 great mace of protection.
The sphinx hits you but does no damage. x3; The tengu reaver barely misses you.
The tengu reaver pecks you but does no damage.
The tengu reaver claws you but does no damage.
The orc knight hits you with a +0 battleaxe!
You die...

.)..#....#
...#....# u
###..#....# D.
...p#.[[.#...
o....[.....#
#####9†[[[...##
.....)opHD..[..
..[)[.Q@..<.[[.
.).p.[pDp<..[..
.).....c.[[....
#####..[.[...##
..L.[[.p...
)..#....#.o.
.p.c#....#.)W
Q....#..[.# C#


You could see a titan, a golden dragon, an ancient lich, a storm dragon, a cyan
very ugly thing, a quicksilver dragon, a sphinx, 2 vault wardens, 2 tengu
reavers, 2 yaktaur captains, 2 vault guards, 2 orc knights, a war gargoyle
(catching breath), a phantasmal warrior, 3 ironbound convokers and an orc.

Vanquished Creatures
  Vashnia (Snake:3)
  2 caustic shrikes
  3 golden dragons (Depths:4)
  A walking crystal tome (Depths:3)
  A quicksilver dragon (Vaults:4)
  A walking earthen tome (Depths:4)
  A lich (Depths:1)
  A tentacled monstrosity (Depths:2)
  Polyphemus (Shoals:2)
  3 sphinxes
  2 krakens
  A shadow dragon (Depths:4)
  Kirke (Lair:3)
  A tengu reaver (Vaults:4)
  A storm dragon (Depths:4)
  Roxanne (Shoals:3)
  3 fire giants
  Ilsuiw (Shoals:4)
  12 vault wardens
  12 frost giants
  2 draconian knights (Depths:4)
  7 nagarajas
  Aizul (Snake:4)
  A deep elf sorcerer (Vaults:2)
  An orc warlord (Vaults:3)
  An iron dragon (Depths:4)
  A balrug (Depths:1)
  Louise (Snake:4)
  17 ironbound preservers
  A reaper (Depths:2)
  25 very ugly things
  7 stone giants
  8 ironbound thunderhulks
  2 spriggan defenders (Depths:3)
  A green draconian (Depths:4)
  4 vampire knights
  Nessos (Orc:2)
  A black draconian (Depths:4)
  A deep elf annihilator (Vaults:2)
  A purple draconian (Depths:4)
  A white draconian (Depths:4)
  7 dire elephants
  9 ettins
  13 spark wasps
  3 merfolk javelineers
  12 merfolk impalers
  A crystal guardian (Vaults:3)
  3 jiangshi (Depths:4)
  4 great orbs of eyes
  6 fire dragons
  12 yaktaur captains
  8 hydras
  2 boulder beetles
  3 rakshasas
  4 salamander tyrants
  7 ice dragons
  A peacekeeper (Vaults:3)
  4 catoblepae
  7 ironbound frosthearts
  26 vault guards
  17 centaur warriors
  Erica (D:8)
  An ogre mage (D:15)
  4 spriggan air magi
  4 merfolk avatars
  9 anacondas
  7 two-headed ogres
  2 death knights (Vaults:3)
  3 merfolk aquamancers
  16 naga warriors
  An alligator snapping turtle (Shoals:3)
  8 deep troll shamans
  An alligator (Shoals:3)
  7 deep troll earth magi
  6 spriggan berserkers
  An anaconda (shapeshifter) (Vaults:4)
  18 naga sharpshooters
  A dancing weapon (D:14)
  8 shock serpents
  A vampire mage (Depths:4)
  2 tengu warriors
  11 death yaks
  6 orc high priests (Orc:2)
  2 shadow wraiths
  A sixfirhy (Depths:1)
  6 iron trolls
  4 salamander mystics (Snake:4)
  2 cherubim (D:14)
  7 naga ritualists
  63 deep trolls
  20 sea snakes
  7 flayed ghosts (Depths:2)
  16 ironbound convokers
  A glowing orange brain (Depths:2)
  A tengu zombie (Vaults:3)
  3 wizards
  Pikel (D:6)
  11 orc knights
  8 harpies
  13 lindwurms
  10 mana vipers
  3 necromancers
  A shadow dragon skeleton (Vaults:3)
  A deep elf pyromancer (D:15)
  39 ugly things
  10 phantasmal warriors
  15 salamanders
  4 orc sorcerers
  2 fauns (Shoals:1)
  A stone giant zombie (Vaults:5)
  7 merfolk sirens
  8 manticores
  A frost giant zombie (Vaults:3)
  8 cyclopes
  40 black mambas
  9 elephants
  19 naga magi
  13 vault sentinels
  10 guardian serpents
  A stone giant skeleton (Vaults:5)
  A centaur skeleton (D:15)
  2 water nymphs
  2 rime drakes
  A gargoyle (D:15)
  Maggie (D:6)
  2 unseen horrors (D:11)
  5 kobold demonologists
  13 cane toads
  8 komodo dragons
  3 freezing wraiths
  32 yaktaurs
  A yaktaur skeleton (Vaults:5)
  9 trolls
  8 tengu conjurers
  A queen bee (Lair:4)
  An ice devil (Depths:2)
  3 meliai (Lair:4)
  7 wind drakes
  A troll (shapeshifter) (D:13)
  A tengu simulacrum (Vaults:3)
  5 hornets
  Prince Ribbit (D:6)
  35 merfolk
  A hornet (shapeshifter) (D:14)
  16 snapping turtles
  11 blink frogs
  30 slime creatures
  13 dream sheep
  A snapping turtle (shapeshifter) (Vaults:5)
  3 shadows
  Sigmund (D:2)
  A centaur simulacrum (D:15)
  3 spriggans (Depths:3)
  2 hogs (Lair:3)
  23 water elementals
  A vampire (D:10)
  4 wyverns
  A basilisk (Lair:4)
  A chaos spawn (Depths:1)
  3 steam dragons
  20 yaks
  6 vampire mosquitoes
  A neqoxec (Depths:2)
  Menkaure (D:3)
  44 nagas
  5 large abominations (Depths:3)
  3 acid dragons
  Edmund (D:6)
  An ogre zombie (Vaults:3)
  2 wargs
  10 water moccasins
  A sky beast (D:6)
  2 human skeletons (Vaults:5)
  45 orc warriors
  7 small abominations (Depths:3)
  An ice beast (D:6)
  2 black bears
  18 wolves
  8 ogres
  8 centaurs
  3 kobold brigands
  18 bullfrogs
  A gnoll sergeant (D:12)
  2 scorpions
  A necrophage (D:5)
  10 wights
  28 killer bees
  5 howler monkeys
  Crazy Yiuf (D:6)
  3 jellies
  25 orc priests
  2 gnoll boudas (D:8)
  5 hounds
  An iron imp (D:8)
  27 orc wizards
  Ijyb (D:2)
  9 iguanas
  A boggart zombie (D:15)
  The ghost of MisterFreud the Covert, a weakling GnDe (D:6)
  10 gnolls
  11 adders
  2 shadow imps (D:7)
  4 white imps
  An adder skeleton (D:3)
  A worm (D:3)
  4 dart slugs
  95 orcs
  3 endoplasms
  A giant cockroach (D:2)
  17 goblins
  9 hobgoblins
  6 jackals
  A quokka (D:1)
  4 ball pythons
  A ball python zombie (D:3)
  4 bats
  4 frilled lizards
  20 kobolds
  A quokka zombie (D:3)
  5 rats
  A butterfly (Lair:1)
  3 tentacles
1566 creatures vanquished.

Vanquished Creatures (collateral kills)
  A rakshasa (Depths:2)
  A merfolk avatar (Shoals:2)
  A catoblepas (D:13)
  A deep troll (Vaults:4)
  A glowing orange brain (Depths:2)
  A harpy (Shoals:4)
  A black mamba (Snake:1)
  2 dream sheep
  A wolf (Lair:5)
  An orc priest (Orc:2)
11 creatures vanquished.

Vanquished Creatures (others)
  Mlioglotl (Snake:3)
  A tengu reaver (Depths:3)
  An ironbound frostheart (Vaults:2)
  A deep troll shaman (Depths:3)
  A deep troll (Depths:3)
  A yaktaur (Vaults:4)
  A water elemental (Depths:3)
  3 humans (Lair:4)
  A bush (Lair:5)
  229 fulminant prisms
  37 fungi
  176 plants
  16 tentacles
469 creatures vanquished.

Grand Total: 2046 creatures vanquished

Notes
Turn   | Place    | Note
-------+----------+-------------------------------------------
     0 | D:1      | EvilAshe the Tengu Conjurer began the quest for the Orb.
     0 | D:1      | Reached XP level 1. HP: 10/10 MP: 4/4
   334 | D:1      | Reached XP level 2. HP: 15/15 MP: 1/6
  1153 | D:1      | Learned a level 2 spell: Searing Ray
  1350 | D:2      | Reached skill level 6 in Conjurations
  1350 | D:2      | Reached XP level 3. HP: 19/19 MP: 3/7
  1365 | D:2      | Noticed Sigmund
  1474 | D:2      | Found a faded altar of an unknown god.
  1677 | D:3      | Found an ancient bone altar of Kikubaaqudgha.
  1677 | D:3      | You fall into a shaft and drop 1 floor!
  1731 | D:4      | Reached XP level 4. HP: 24/24 MP: 5/8
  1973 | D:3      | Found a transporter.
  1974 | D:3      | Noticed Menkaure
  1982 | D:3      | Found a basalt altar of Yredelemnul.
  2393 | D:3      | Learned a level 3 spell: Dazzling Flash
  2429 | D:3      | Reached skill level 7 in Conjurations
  2429 | D:3      | Gained mutation: Your magical nature lets you fly swiftly
                  | and evasively. [Tengu growth]
  2429 | D:3      | Reached XP level 5. HP: 28/28 MP: 4/10
  2639 | D:3      | Found a transporter.
  3086 | D:3      | Identified the +7 long sword of Sastrargho {chaos, *Noise
                  | rC+ rN+ Str+5}
  3368 | D:5      | Entered Level 5 of the Dungeon
  3434 | D:4      | Found a hide-covered altar of Uskayaw.
  3443 | D:4      | Found an ornate altar of the Wu Jian Council.
  3527 | D:5      | Noticed a black bear
  3535 | D:4      | Reached XP level 6. HP: 27/32 MP: 4/11
  3653 | D:4      | Identified the +1 pair of boots of Zin {SInv}
  4122 | D:6      | Found the +2 ratskin cloak {*Rats rPois rN+ Str-1 Int-1
                  | Dex+1}
  4466 | D:5      | Reached skill level 8 in Conjurations
  4918 | D:5      | Reached skill level 1 in Hexes
  4918 | D:5      | Reached XP level 7. HP: 30/36 MP: 5/13
  5060 | D:5      | Identified the +3 leather armour "Riuxuron" {rC++ Int-2}
  5393 | D:5      | Reached skill level 9 in Conjurations
  5849 | D:5      | Reached skill level 5 in Dodging
  5849 | D:5      | Reached XP level 8. HP: 41/41 MP: 5/15
  6299 | D:6      | Reached skill level 10 in Conjurations
  6348 | D:6      | Learned a level 4 spell: Fulminant Prism
  6494 | D:6      | Noticed Edmund
  6768 | D:6      | Found a staircase to the Ecumenical Temple.
  6786 | Temple   | Entered the Ecumenical Temple
  6786 | Temple   | Found a transporter.
  6786 | Temple   | Found a transporter.
  6788 | Temple   | Found a transporter.
  6788 | Temple   | Found a transporter.
  6805 | Temple   | Became a worshipper of Vehumet
  6859 | D:6      | Noticed Maggie
  6995 | D:6      | Killed Edmund
  7160 | D:6      | Noticed Pikel
  7193 | D:6      | Killed Pikel
  7194 | D:6      | Reached skill level 5 in Spellcasting
  7194 | D:6      | Reached skill level 11 in Conjurations
  7194 | D:6      | Reached XP level 9. HP: 37/45 MP: 4/17
  7317 | D:6      | Found a runed translucent door.
  7318 | D:6      | Noticed a two-headed ogre
  7506 | D:6      | Noticed Prince Ribbit
  7722 | D:2      | Killed Sigmund
  7879 | D:2      | Noticed Ijyb
  7901 | D:2      | Killed Ijyb
  8410 | D:6      | Found a runed translucent door.
  8411 | D:6      | Noticed Crazy Yiuf
  8659 | D:6      | Killed Prince Ribbit
  8660 | D:6      | Reached skill level 12 in Conjurations
  8848 | D:6      | Noticed MisterFreud's ghost (weakling GnDe)
  8963 | D:7      | Learned a level 4 spell: Iskenderun's Mystic Blast
  8972 | D:7      | Found a white marble altar of Elyvilon.
  9063 | D:7      | Found Kofoat's Jewellery Boutique.
  9073 | D:7      | Reached * piety under Vehumet
  9073 | D:7      | Offered knowledge of Shock by Vehumet.
  9641 | D:7      | Noticed a hornet
  9650 | D:7      | Killed a hornet
  9651 | D:7      | Reached XP level 10. HP: 50/50 MP: 6/20
  9912 | D:7      | Reached skill level 13 in Conjurations
  9944 | D:8      | Noticed Erica
 10490 | D:8      | Killed Erica
 10745 | D:8      | Learned a level 2 spell: Passwall
 10922 | D:8      | Reached skill level 14 in Conjurations
 10971 | D:8      | Found a snail-covered altar of Cheibriados.
 11234 | D:8      | Found a staircase to the Lair.
 11347 | D:8      | Found a shimmering altar of Xom.
 11862 | D:3      | Found an ancient bone altar of Kikubaaqudgha.
 11863 | D:3      | Found a transporter.
 11978 | D:3      | Found a basalt altar of Yredelemnul.
 12017 | D:3      | Found a transporter.
 12382 | D:3      | Found an ancient bone altar of Kikubaaqudgha.
 12383 | D:3      | Found a transporter.
 12498 | D:3      | Found a basalt altar of Yredelemnul.
 12537 | D:3      | Found a transporter.
 13051 | D:3      | Killed Menkaure
 13276 | D:10     | Entered Level 10 of the Dungeon
 13276 | D:10     | Noticed a kobold demonologist
 13276 | D:10     | Noticed a kobold demonologist
 13276 | D:10     | Noticed a kobold demonologist
 13276 | D:10     | Noticed a kobold demonologist
 13332 | D:9      | Reached skill level 1 in Fighting
 13597 | D:9      | Offered knowledge of Poisonous Vapours by Vehumet.
 13826 | D:9      | Reached ** piety under Vehumet
 14164 | D:9      | Reached XP level 11. HP: 60/60 MP: 15/22
 14209 | D:9      | Offered knowledge of Conjure Flame by Vehumet.
 14214 | D:9      | Learned a level 3 spell: Conjure Flame
 14452 | D:9      | Found a staircase to the Orcish Mines.
 14939 | D:10     | Reached skill level 15 in Conjurations
 15424 | D:11     | Reached *** piety under Vehumet
 15535 | D:11     | Noticed an eight-headed hydra
 16007 | Lair:1   | Entered Level 1 of the Lair of Beasts
 16007 | Lair:1   | Noticed a death yak
 16008 | Lair:1   | Noticed a death yak
 16010 | Lair:1   | Noticed a death yak
 16010 | Lair:1   | Noticed a death yak
 16012 | Lair:1   | Noticed a death yak
 16019 | Lair:1   | Killed a death yak
 16020 | Lair:1   | Reached skill level 5 in Fighting
 16022 | Lair:1   | Killed a death yak
 16025 | Lair:1   | Killed a death yak
 16098 | D:8      | Killed a death yak
 16099 | D:8      | Reached skill level 16 in Conjurations
 16356 | D:8      | Killed a death yak
 16896 | Lair:1   | Reached XP level 12. HP: 72/72 MP: 13/25
 17026 | Lair:1   | Offered knowledge of Inner Flame by Vehumet.
 17027 | Lair:1   | Reached skill level 10 in Dodging
 17122 | Lair:1   | Learned a level 3 spell: Swiftness
 17305 | Lair:2   | Reached skill level 1 in Air Magic
 17352 | Lair:2   | Reached skill level 17 in Conjurations
 17433 | Lair:2   | Noticed a seven-headed hydra
 17439 | Lair:2   | Killed a seven-headed hydra
 18543 | Lair:2   | Found a staircase to the Shoals.
 19099 | Lair:3   | Reached skill level 1 in Polearms
 19154 | Lair:3   | Found a staircase to the Snake Pit.
 19392 | Lair:3   | Noticed a seven-headed hydra
 19416 | Lair:3   | Killed a seven-headed hydra
 19693 | Lair:3   | Reached **** piety under Vehumet
 19694 | Lair:3   | Reached skill level 18 in Conjurations
 20040 | Lair:4   | Noticed Kirke
 20095 | Lair:4   | Noticed a six-headed hydra
 20276 | Lair:3   | Killed Kirke
 20277 | Lair:3   | Reached XP level 13. HP: 80/80 MP: 19/27
 20346 | Lair:4   | Found a viscous altar of Jiyva.
 20346 | Lair:4   | Found a staircase to the Slime Pits.
 20368 | Lair:5   | Entered Level 5 of the Lair of Beasts
 20655 | Lair:4   | Offered knowledge of Frozen Ramparts by Vehumet.
 20754 | Lair:4   | Reached skill level 10 in Fighting
 21681 | Lair:4   | Reached skill level 19 in Conjurations
 22201 | Lair:5   | Reached ***** piety under Vehumet
 22201 | Lair:5   | Offered knowledge of Freezing Cloud by Vehumet.
 22202 | Lair:5   | Reached skill level 5 in Polearms
 22830 | Lair:5   | Reached skill level 10 in Spellcasting
 22918 | Lair:5   | Learned a level 7 spell: Orb of Destruction
 23202 | Lair:5   | Reached XP level 14. HP: 90/90 MP: 9/29
 23376 | Lair:5   | Identified the +4 leather armour of the Centipede {*Slow
                  | Will+++ Dex+3 Stlth+}
 23981 | D:7      | Bought a ring of willpower for 300 gold pieces
 24072 | Orc:1    | Entered Level 1 of the Orcish Mines
 24497 | Orc:2    | Entered Level 2 of the Orcish Mines
 24971 | Orc:1    | Learned a level 5 spell: Freezing Cloud
 25049 | Orc:2    | Reached skill level 20 in Conjurations
 25906 | Orc:2    | Noticed Nessos
 25975 | Orc:2    | Killed Nessos
 26594 | Orc:2    | Found a staircase to the Elven Halls.
 27264 | Orc:2    | Reached skill level 1 in Ice Magic
 28801 | Orc:2    | Found Abokk's Assorted Antiques.
 28801 | Orc:2    | Found Cisan's Magic Scroll Emporium.
 28802 | Orc:2    | Found Neel's Magic Scroll Emporium.
 28802 | Orc:2    | Found Rot Bow's Assorted Antiques.
 28809 | Orc:2    | Bought a scroll of teleportation for 51 gold pieces
 28809 | Orc:2    | Bought a scroll of blinking for 127 gold pieces
 28812 | Orc:2    | Bought 2 scrolls of acquirement for 1040 gold pieces
 28812 | Orc:2    | Bought a scroll of blinking for 75 gold pieces
 28975 | D:10     | Acquired the +1 hat "Poirhana" {Stlth+}
 28982 | D:10     | Acquired 607 gold pieces
 28983 | D:10     | Acquired 665 gold pieces
 29076 | D:12     | Offered knowledge of Conjure Ball Lightning by Vehumet.
 29210 | D:11     | Reached skill level 5 in Air Magic
 30328 | D:12     | Found Kilytos's Book Emporium.
 30916 | D:12     | Reached XP level 15. HP: 97/97 MP: 25/30
 31052 | D:12     | Found an ornate altar of the Wu Jian Council.
 31545 | D:13     | Reached skill level 21 in Conjurations
 32314 | D:13     | Found a gate to the Vaults.
 33086 | D:13     | Got Ysewuenk's Catalogue of Coordinates
 33335 | Orc:2    | Bought a scroll of enchant weapon for 75 gold pieces
 33335 | Orc:2    | Bought a scroll of enchant armour for 75 gold pieces
 33335 | Orc:2    | Bought a scroll of enchant weapon for 75 gold pieces
 33335 | Orc:2    | Bought a scroll of teleportation for 30 gold pieces
 33340 | Orc:2    | Bought a scroll of teleportation for 99 gold pieces
 33345 | Orc:2    | Bought a scroll of teleportation for 81 gold pieces
 33601 | D:6      | Killed Crazy Yiuf
 33656 | D:6      | Killed MisterFreud's ghost
 33859 | D:6      | Found a staircase to the Ecumenical Temple.
 34046 | D:6      | Killed Maggie
 34181 | Snake:1  | Entered Level 1 of the Snake Pit
 35043 | Snake:1  | Identified the +2 plate armour of True Grit {rF+ Int-5
                  | Dex+6}
 35588 | Snake:1  | Reached skill level 1 in Shields
 35696 | Snake:1  | Offered knowledge of Starburst by Vehumet.
 35697 | Snake:1  | Reached XP level 16. HP: 104/104 MP: 24/32
 35704 | Snake:1  | Learned a level 6 spell: Starburst
 36124 | Snake:2  | Reached skill level 22 in Conjurations
 36134 | Snake:2  | Reached skill level 1 in Fire Magic
 37445 | Snake:3  | Identified the +1 halberd "Tefeoh" {freeze, Str+4 Dex+4}
 37875 | Snake:4  | Entered Level 4 of the Snake Pit
 37875 | Snake:4  | Noticed a nagaraja
 37882 | Snake:3  | Killed a nagaraja
 38010 | Snake:3  | Noticed Mlioglotl
 38033 | Snake:3  | Found an opulent altar of Gozag.
 38138 | Snake:3  | Noticed a revenant
 38144 | Snake:3  | Killed Mlioglotl
 39500 | Snake:4  | Offered knowledge of Ozocubu's Refrigeration by Vehumet.
 39686 | Snake:4  | Noticed Louise
 39733 | Snake:4  | Killed Louise
 39979 | Snake:4  | Noticed Vashnia
 39994 | Snake:4  | Reached XP level 17. HP: 84/109 MP: 7/34
 40150 | Snake:3  | Reached skill level 10 in Polearms
 40153 | Snake:3  | Killed Vashnia
 40369 | Snake:4  | Reached skill level 5 in Fire Magic
 40624 | Snake:4  | Reached skill level 5 in Shields
 40641 | Snake:4  | Reached skill level 23 in Conjurations
 42573 | Snake:4  | Got a serpentine rune of Zot
 42652 | Snake:4  | Offered knowledge of Lee's Rapid Deconstruction by Vehumet.
 43098 | Snake:4  | Noticed Aizul
 43542 | Snake:4  | Found a burning altar of Makhleb.
 43901 | Snake:4  | Killed Aizul
 44351 | Shoals:1 | Entered Level 1 of the Shoals
 44936 | Shoals:1 | Noticed a kraken
 44961 | Shoals:1 | Killed a kraken
 45396 | Shoals:1 | Reached skill level 15 in Dodging
 46251 | Shoals:2 | Reached XP level 18. HP: 106/115 MP: 21/35
 47039 | Shoals:2 | Noticed Polyphemus
 47040 | Shoals:2 | Offered knowledge of Fireball by Vehumet.
 47048 | Shoals:2 | Killed Polyphemus
 47487 | Shoals:4 | Entered Level 4 of the Shoals
 47487 | Shoals:4 | Found Jeuloan's Antique Armour Shoppe.
 48241 | Shoals:3 | Identified Roxanne's Parchment of Stones
 48241 | Shoals:3 | Noticed Roxanne
 48250 | Shoals:3 | Killed Roxanne
 49411 | Shoals:4 | Got a barnacled rune of Zot
 49908 | Shoals:4 | Reached skill level 24 in Conjurations
 49934 | Shoals:4 | Identified the +0 ring mail of Heresy {rPois rC++ Int+3
                  | Stlth-}
 49947 | Shoals:4 | Offered knowledge of Ignition by Vehumet.
 49997 | Shoals:3 | Learned a level 8 spell: Ignition
 50143 | Shoals:4 | Bought a pair of runed gloves for 217 gold pieces
 50343 | Shoals:4 | Noticed Ilsuiw
 50353 | Shoals:4 | Killed Ilsuiw
 50952 | Vaults:1 | Entered Level 1 of the Vaults
 51558 | Vaults:1 | Reached XP level 19. HP: 120/120 MP: 34/37
 52477 | Vaults:1 | Found Uddo's Distillery.
 52485 | Vaults:1 | Bought a potion of resistance for 180 gold pieces
 52485 | Vaults:1 | Bought a potion of haste for 180 gold pieces
 53036 | Vaults:2 | Paralysed by a sphinx for 4 turns
 54192 | Vaults:2 | Reached skill level 10 in Fire Magic
 54780 | Vaults:2 | Found Arumeg's Distillery.
 54808 | Vaults:2 | Reached ****** piety under Vehumet
 56160 | Vaults:3 | Reached XP level 20. HP: 125/125 MP: 27/39
 56326 | Vaults:3 | Offered knowledge of Fire Storm by Vehumet.
 56326 | Vaults:3 | Offered knowledge of Shatter by Vehumet.
 56326 | Vaults:3 | Offered knowledge of Polar Vortex by Vehumet.
 56327 | Vaults:3 | Reached skill level 10 in Shields
 56645 | Vaults:3 | Found Takates's Magic Scroll Boutique.
 56646 | Vaults:3 | Found Awnadun's Antique Armour Emporium.
 56649 | Vaults:3 | Bought a scroll of blinking for 90 gold pieces
 56649 | Vaults:3 | Bought a scroll of teleportation for 36 gold pieces
 56649 | Vaults:3 | Bought a scroll of silence for 114 gold pieces
 56853 | Vaults:3 | Found a staircase to the Crypt.
 58042 | Vaults:3 | Found Ixzuj Docs's Weapon Shoppe.
 58473 | Vaults:3 | Found a portal to a secret trove of treasure.
 60419 | Vaults:4 | Learned a level 2 spell: Blink
 61174 | Vaults:4 | Found Ofouzyca's Weapon Shop.
 62397 | D:14     | Reached XP level 21. HP: 133/133 MP: 33/40
 62442 | D:15     | Entered Level 15 of the Dungeon
 62489 | D:15     | Reached skill level 15 in Fighting
 62711 | D:14     | Found a sacrificial altar of Ru.
 64339 | D:15     | Found a staircase to the Depths.
 64960 | Depths:1 | Entered Level 1 of the Depths
 65709 | D:7      | Bought a ring of see invisible for 180 gold pieces
 66319 | Depths:1 | Paralysed by a vampire knight for 3 turns
 67085 | Depths:1 | Found Sixkupym's Antique Weapon Shoppe.
 67094 | Depths:1 | Bought a bloodstained trident for 272 gold pieces
 67094 | Depths:1 | Identified the +8 trident of Discord {drain, Fly Dex+3}
                  | (You bought it in a shop on level 1 of the Depths)
 67343 | Depths:1 | Found a one-way gate to the infinite horrors of the Abyss.
 67349 | Depths:1 | Found a runed translucent door.
 67365 | Depths:1 | Found a gateway to Hell.
 68547 | Depths:1 | Reached skill level 15 in Fire Magic
 69559 | Depths:2 | Found a one-way gate leading to the halls of Pandemonium.
 71264 | Depths:2 | Found a blossoming altar of Fedhas.
 71713 | Depths:2 | Reached XP level 22. HP: 144/144 MP: 37/41
 71949 | Depths:2 | Got Ycuustru's Meditations on the Geologist and the
                  | Congregation
 71954 | Depths:2 | Got Sif Muna's Anthology of Amorphous Execration
 72235 | Depths:3 | Noticed a caustic shrike
 72237 | Depths:3 | Noticed a caustic shrike
 72630 | Depths:3 | Found a one-way gateway to a ziggurat.
 72739 | Depths:3 | Killed a caustic shrike
 72760 | Depths:3 | Found a gateway to a bazaar.
 72957 | Depths:2 | Killed a caustic shrike
 73783 | Depths:3 | Identified the +7 flail "Neodof" {vorpal, rC+ Str+5}
 74556 | Depths:3 | Learned a level 6 spell: Iron Shot
 75068 | Depths:4 | Entered Level 4 of the Depths
 76337 | Depths:4 | Noticed a golden dragon
 76358 | Depths:4 | Killed a golden dragon
 77173 | Depths:4 | Found Liotuk's Antique Armour Shoppe.
 77250 | Depths:4 | Noticed a golden dragon
 77343 | Depths:4 | Killed a golden dragon
 77579 | Depths:4 | Noticed a golden dragon
 77761 | Depths:4 | Killed a golden dragon
 78188 | Depths:4 | Found a gate to the Realm of Zot.
 79104 | Vaults:5 | Entered Level 5 of the Vaults
 79106 | Vaults:5 | Reached XP level 23. HP: 152/152 MP: 42/42
 79781 | Vaults:4 | Reached skill level 1 in Armour
 80061 | Vaults:5 | Noticed an ancient lich
 80063 | Vaults:5 | Paralysed by a sphinx for 3 turns
 80063 | Vaults:5 | Noticed a golden dragon
 80065 | Vaults:5 | HP: 7/153 [storm dragon (3)]
 80065 | Vaults:5 | Mangled by an orc knight

Illustrated notes

Levels and vault maps discovered:
D:1:      heliophobic_arrival_henge, layout_basic
D:2:      kennysheep_the_goblin_king, layout_loops_ring,
          hellmonk_ecumenical_altar_crossroads, kennysheep_generic_room_9,
          uniq_sigmund
D:3:      layout_basic, gammafunk_temple_of_torment
D:4:      layout_gridville, amethyst_overflow_temple_binary,
          chequers_serial_rivers_room_a, hangedman_abyss_or_decor_slice
D:5:      corexii_shack_village, layout_loops_ring, chequers_arboretum,
          kennysheep_cross_bottleneck, uniq_menkaure
D:6:      layout_loops_ring, minmay_temple_entry_statues_fountains,
          ebering_ghost_sewer_d, hangedman_decor_points, uniq_maggie,
          uniq_edmund, uniq_pikel, uniq_prince_ribbit1, uniq_crazy_yiuf_cottage
D:7:      layout_basic, nicolae_elyvilon_peaceful_grove,
          minmay_shop_grid_forest, nrook_campfire
D:8:      layout_basic, slow_altar_2, marbit_many_paths, lair_entry_dummy,
          hangedman_decor_diamond_cutter, uniq_erica
D:9:      layout_cave_pools, david_orc_4
D:10:     layout_long_grid, corexii_checkpoint_a, serial_bayou_pond_d
D:11:     layout_loops_corners
D:12:     layout_long_grid, serial_shops, nicolae_shop_waterfront,
          nicolae_wu_jian_wuxing_cycle
D:13:     layout_roguey, skrybe_vaults_entry_preservation, minmay_lindwurm_lava
D:14:     layout_basic, nicolae_ru_the_path_less_chosen, pf_eden
D:15:     grunt_enter_depths_magical_seal, layout_rooms, fungi_pond_lemuel
Temple:   hellmonk_temple_divided_pantheon
Lair:1:   layout_cave_pods, grunt_megastairs_1, lemuel_fruit_fields,
          lemuel_fruit_fields, serial_bayou_shore_b, infiniplex_staircase_pool
Lair:2:   beast_lair_carwin_large_3, layout_hall_layers,
          minmay_shoals_entry_lonely_mermaid, grunt_megastairs_3
Lair:3:   layout_concentric_octagons, dummy_snake_entry
Lair:4:   layout_roguey [special_room_bee], slime_entry_1,
          kennysheep_catoblepas_arena, serial_bayou_shore_a,
          infiniplex_staircase_pool_2, serial_bayou_shore_b, lemuel_fruit_tree,
          uniq_kirke
Lair:5:   grunt_lair_end_beastmaster, layout_regular_city,
          gauntlet_entry_generic, chequers_serial_rivers_small_a
Shoals:1: layout_shoals, nicolae_shoals_lost_giant_baths
Shoals:2: layout_shoals, uniq_polyphemus
Shoals:3: layout_shoals, abandoned_shop,
          nicolae_shoals_siren_and_animal_friends, uniq_roxanne
Shoals:4: shoals_end_simple, layout_shoals, shoal_ilsuiw, serial_shops, shop
Snake:1:  nicolae_snake_attic_fulla_snakes, layout_cave_shapes
Snake:2:  layout_rooms, drop_trap, grunt_ministairs_4
Snake:3:  layout_onion_interference, basic_altar, grunt_megastairs_4,
          uniq_mlioglotl
Snake:4:  snake_hunt, layout_cave_town, basic_altar,
          nicolae_snake_gridmaze_zigzag, grunt_ministairs_8, uniq_aizul,
          uniq_louise, uniq_vashnia
Orc:1:    layout_caves
Orc:2:    st_orc_pillars, layout_caves, uniq_nessos
Vaults:1: hangedman_vaults_cutoff, ontoclasm_vaults_ring_square,
          grunt_vaults_diagonal, layout_vaults_omnigrid, serial_shops,
          nicolae_lakefront_shop
Vaults:2: v_misc_14, v_misc_3, v_misc_16, nicolae_vaults_border_crossing,
          nicolae_vaults_little_squares_5, nicolae_vaults_stairing_the_circle,
          hangedman_vaults_nails, st_more_cells, v_misc_14,
          hangedman_vaults_stretched_pinwheel, dpeg_vaults_monster_box,
          layout_vaults_ring, serial_shops, shop
Vaults:3: ontoclasm_vaults_twist, blue_anna_dwarven_crypt,
          hangedman_vaults_trim, nicolae_vaults_little_squares_1,
          vaults_room_stairs_pillars, v_misc_11, ontoclasm_vaults_hangar,
          nicolae_vaults_little_squares_6, vaults_mumra_lcd,
          nicolae_vaults_gold_heap, nicolae_vaults_windows_and_doors_thing,
          vaults_dpeg_diagonal, layout_vaults_maze_snakey, serial_shops,
          shop_fountains, shop, nicolae_shop_bloodbath_and_beyond,
          nicolae_trove_entry_diagonal
Vaults:4: vaults_room_boxed, v_misc_19, nicolae_vaults_network_quincunx
          [nicolae_vaults_network_quincunx_subvault,
          nicolae_vaults_network_quincunx_subvault,
          nicolae_vaults_network_quincunx_subvault,
          nicolae_vaults_network_quincunx_subvault,
          nicolae_vaults_network_quincunx_subvault], nicolae_vaults_big_ls,
          vaults_standard_mumra_lines, nicolae_vaults_little_squares_3,
          ontoclasm_vaults_tryst, hangedman_vaults_stretched_pinwheel,
          nicolae_vaults_diagonal_hallway_9, nicolae_vaults_diagonal_hallway_7,
          layout_vaults_big_cross, serial_shops, shop
Vaults:5: serial_shops
Depths:1: lemuel_flame_loot_2, layout_gridlike, abyss_entry, hell_entry,
          serial_shops, kennysheep_mini, kennysheep_donut,
          kennysheep_cross_room, minmay_st_funbox, minmay_misc_feat_x,
          kennysheep_dice
Depths:2: minmay_haunted_quarter, layout_gridlike,
          chequers_serial_rivers_micro_a, rand_demon_pan_entry_3, hell_entry,
          serial_bayou_pond_a, grunt_decor_resistance, fedhas_altar_4
Depths:3: minmay_cut_squares, layout_twisted_cross, enter_ziggurat_b,
          serial_shops, freezing_bzr, abyss_entry,
          nicolae_kite_square_tiling_tiny, hell_entry, laboratory,
          infiniplex_staircase_diamond, firewood_loft
Depths:4: evilmike_zot_entry_hall, layout_gridville, bh_walls_and_bars,
          serial_shops, shop, hell_entry

Skill      XL: |  1  2  3  4  5  6  7  8  9 10 11 12 13 14 15 16 17 18 19 20 21 22 23 |
---------------+----------------------------------------------------------------------+-----
Conjurations   | 6 7 8 9 11 12 14 16 18 19 20 21 22 23 24 | 24.0
Dodging        | 3 4 5 6 7 8 9 10 11 12 13 14 15 16 17 18 19 | 19.6
Spellcasting   | 3 4 5 6 7 8 9 10 11 12 13 14 | 14.8
Hexes          | 1 3 |  3.6
Fighting       | 3 7 9 11 12 13 14 16 18 | 18.5
Air Magic      | 3 5 7 |  7.8
Polearms       | 2 5 7 8 9 11 12 13 14 | 14.0
Ice Magic      | 2 |  2.3
Shields        | 1 4 6 8 9 11 12 13 | 13.7
Fire Magic     | 4 7 8 11 13 15 17 18 | 18.0
Armour         | 2 |  2.7
Stealth        | |  2.0

Action                   |  1- 3 |  4- 6 |  7- 9 | 10-12 | 13-15 | 16-18 | 19-21 | 22-24 || total
-------------------------+-------+-------+-------+-------+-------+-------+-------+-------++-------
Melee: Rapier            |     2 |       |       |       |       |       |       |       ||     2
       Kick              |     1 |       |     5 |    29 |    91 |   137 |   305 |    63 ||   631
       Long sword        |     1 |     5 |     5 |       |       |       |       |       ||    11
       Peck              |       |     1 |     3 |    14 |    63 |    83 |   205 |    39 ||   408
       Trident           |       |       |    20 |   138 |   324 |   543 |   689 |   166 ||  1880
       Unarmed           |       |       |       |     6 |       |       |       |       ||     6
       Punch             |       |       |       |     2 |     3 |       |       |       ||     5
Throw: Dart              |       |       |    10 |       |     1 |       |       |       ||    11
 Cast: Magic Dart        |    55 |   115 |   138 |   260 |   353 |   254 |   186 |    21 ||  1382
       Searing Ray       |     2 |     9 |    35 |    34 |     1 |       |       |       ||    81
       Dazzling Flash    |       |       |     3 |    15 |     2 |       |       |       ||    20
       Iskenderun's Myst |       |       |     4 |    53 |   147 |   165 |   238 |    76 ||   683
       Fulminant Prism   |       |       |     3 |    57 |    56 |    35 |    65 |    14 ||   230
       Conjure Flame     |       |       |       |     1 |    10 |       |       |       ||    11
       Orb of Destructio |       |       |       |       |    85 |   122 |   173 |   102 ||   482
       Freezing Cloud    |       |       |       |       |    35 |   102 |    72 |    20 ||   229
       Starburst         |       |       |       |       |       |     5 |     2 |    19 ||    26
       Iron Shot         |       |       |       |       |       |       |       |    48 ||    48
       Ignition          |       |       |       |       |       |       |       |     9 ||     9
Evoke: Wand              |       |       |     2 |    12 |     1 |       |       |       ||    15
  Use: Scroll            |       |     9 |     2 |     9 |    15 |    13 |     6 |    10 ||    64
       Potion            |       |       |       |     1 |     1 |     1 |     4 |     3 ||    10
 Stab: Sleeping          |       |     2 |     1 |       |     2 |     4 |     4 |     2 ||    15
       Invisible         |       |       |       |     3 |     1 |       |       |       ||     4
       Paralysed         |       |       |       |     4 |       |       |       |       ||     4
       Distracted        |       |       |       |       |       |       |       |     1 ||     1
Armor: Robe              |     3 |     4 |     6 |    45 |    66 |    54 |    66 |       ||   244
       Leather armour    |       |       |    14 |       |       |       |     6 |    55 ||    75
Dodge: Dodged            |     5 |    17 |    61 |   275 |   441 |   402 |   380 |   220 ||  1801
Block: Tower shield      |       |       |       |       |     2 |   113 |       |       ||   115
       Kite shield       |       |       |       |       |       |   291 |   476 |   224 ||   991
